 Dungeon Crawl Stone Soup version 0.31.0-11-ge490571c62 (webtiles) character file.

Game seed: 14501647472526330957

65 qw the Shooter (level 3, 0/18 HPs)
             Began as a Spriggan Hunter on Feb 3, 2024.
             Succumbed to their own poison gas
             ... on level 2 of the Dungeon.
             The game lasted 00:00:04 (1429 turns).

qw the Shooter (Spriggan Hunter)                    Turns: 1429, Time: 00:00:04

Health: 0/18       AC:  3    Str:  7    XL:     3   Next: 94%
Magic:  4/4        EV: 20    Int: 10    God:
Gold:   46         SH:  0    Dex: 23    Spells: 2/2 levels left

rFire   . . .        a - +0 shortbow
rCold   . . .        (shield currently unavailable)
rNeg    . . .        i - +1 robe "Amohixotee" {+Blink rElec Dex+3}
rPois   .            (helmet restricted)
rElec   +            (no cloak)
rCorr   .            (gloves unavailable)
SInv    +            (boots unavailable)
Will    .....        (no amulet)
Stlth   ++           (no ring)
HPRegen 0.23/turn    (no ring)
MPRegen 0.09/turn

%: no passive effects
@: lethally poisoned (0 -> -1), very quick
A: very small, no large weapons, unfitting armour, see invisible, speed 3
a: Evoke Blink


You were on level 2 of the Dungeon.
You visited 1 branch of the dungeon, and saw 2 of its levels.

You collected 46 gold pieces.


Innate Abilities, Weirdness & Mutations

You are very small and have problems with some larger weapons.
You are too small for most types of armour.
You have supernaturally acute eyesight. (SInv)
You cover ground extremely quickly. (Speed+++)


   Skills:
 - Level 1.5 Fighting
 - Level 5.0 Ranged Weapons
 + Level 4.1 Dodging
 - Level 1.5 Stealth


You had 2 spell levels left.
You didn't know any spells.
Your spell library was empty.

Inventory:

Hand Weapons
 a - a +0 shortbow (weapon)
Armour
 i - the +1 robe "Amohixotee" (worn) {+Blink rElec Dex+3}
   (You found it on level 2 of the Dungeon)

   Dex+3:     It affects your dexterity (+3).
   rElec:     It insulates you from electricity.
   +Blink:    It lets you blink.
Scrolls
 e - a scroll of teleportation
Potions
 d - a potion of brilliance {unknown}
 f - 2 potions of cancellation

Dungeon Overview and Level Annotations

Branches:
Dungeon (2/15)

Altars:

Shops:
D:2 =


Message History

Done exploring.
What level of the Dungeon? (default 2, ? - help) Sorry, I don't know how to get there.
Enter note:
Enter note:
Enter note:
Enter note:
Enter note:
Enter note:
Enter note:
Enter note:
Enter note: You are engulfed in poison gas.
You are poisoned.
You feel very sick.
1418 ||| Stepping ~*~*~tactically~*~*~ (cloud).
You feel sick.
You see here a +0 robe.
1419 ||| DRINKING potion of curing.
You feel better.
1419 ||| (to cure poison)
You are engulfed in poison gas.
You are poisoned.
You feel very sick.
1421 ||| Stepping ~*~*~tactically~*~*~ (cloud).
You feel sick.
You see here a +0 robe.
There is a lethal amount of poison in your body!
You feel very sick.
There is a lethal amount of poison in your body!
You feel sick.
There is a lethal amount of poison in your body!
You feel sick.
There is a lethal amount of poison in your body!
You feel sick.
There is a lethal amount of poison in your body!
You feel sick.
There is a lethal amount of poison in your body!
You feel sick.
There is a lethal amount of poison in your body!
You feel sick.
There is a lethal amount of poison in your body!
You die...

###########
#0000ยค0@0.#
#0#######.# #
#.#######.# #
#.#.....#.# #
#.#.###.#.# #
#.#.# #.#.# #
#.#.# #.#.####
##########.#.#
#.#....#
............>#
#.####.#


There were no monsters in sight!

Vanquished Creatures
  3 adders (D:2)
  A dart slug (D:1)
  A ribbon worm (D:2)
  4 endoplasms
  2 giant cockroaches (D:2)
  2 goblins (D:1)
  A hobgoblin (D:1)
  4 jackals (D:1)
  5 ball pythons (D:2)
  3 bats
  3 frilled lizards
  4 kobolds
  A rat (D:2)
34 creatures vanquished.

Notes
Turn   | Place    | Note
-------+----------+-------------------------------------------
     0 | D:1      | qw the Spriggan Hunter began the quest for the Orb.
     0 | D:1      | Reached XP level 1. HP: 10/10 MP: 2/2
     0 | D:1      | 0 ||| qw: Version: 0.3-a-157-g843a77d
     0 | D:1      | 0 ||| qw: Game counter: 3576
     0 | D:1      | 0 ||| qw: Melee chars always use a shield: true
     0 | D:1      | 0 ||| qw: God list: Okawaru
     0 | D:1      | 0 ||| qw: Allow faded altars: false
     0 | D:1      | 0 ||| qw: Do Orc after clearing Dungeon:15 true
     0 | D:1      | 0 ||| qw: Do second Lair branch before Depths: true
     0 | D:1      | 0 ||| qw: Lair rune preference: random
     0 | D:1      | 0 ||| qw: Goals: Normal
     0 | D:1      | 0 ||| PLANNING D:1-11
    81 | D:1      | Reached skill level 3 in Dodging
   195 | D:1      | Reached XP level 2. HP: 14/14 MP: 3/3
   601 | D:1      | 601 ||| READING 2 scrolls labelled FAYL GOBYGETAGG.
   601 | D:1      | 601 ||| IDENTIFYING golden potion
   602 | D:1      | 602 ||| READING scroll of identify.
   602 | D:1      | 602 ||| IDENTIFYING yellow potion
   603 | D:1      | 603 ||| READING scroll labelled TEJIERHOODI.
   608 | D:1      | 608 ||| READING scroll labelled USIFFUSHEIN.
   609 | D:1      | 609 ||| DRINKING 3 sedimented ruby potions.
   610 | D:1      | 610 ||| DROPPING scroll of butterflies.
   684 | D:2      | HP: 3/14 [adder (3)]
   685 | D:2      | 685 ||| DRINKING potion of heal wounds.
   687 | D:2      | Reached XP level 3. HP: 14/18 MP: 4/4
   919 | D:2      | Found Miol Keo's Jewellery Boutique.
   923 | D:2      | 923 ||| SHOPLISTING +4 ring of protection (396 gold, have
                  | 37).
   923 | D:2      | 923 ||| SHOPLISTING amulet of reflection (330 gold, have
                  | 37).
   923 | D:2      | 923 ||| SHOPLISTING amulet of regeneration (330 gold, have
                  | 37).
  1027 | D:2      | Reached skill level 5 in Ranged Weapons
  1079 | D:2      | Identified the +1 robe "Amohixotee" {+Blink rElec Dex+3}
  1404 | D:2      | 1404 ||| UPGRADING to +1 robe "Amohixotee" {+Blink rElec
                  | Dex+3}.
  1414 | D:2      | 1414 ||| DROPPING +0 robe.
  1415 | D:2      | 1415 ||| READING scroll labelled SACVUU KEOMECK.
  1416 | D:2      | 1416 ||| READING scroll labelled AMIRED PUABEOKHYST.
  1418 | D:2      | 1418 ||| Stepping ~*~*~tactically~*~*~ (cloud).
  1419 | D:2      | 1419 ||| DRINKING potion of curing.
  1419 | D:2      | 1419 ||| (to cure poison)
  1421 | D:2      | 1421 ||| Stepping ~*~*~tactically~*~*~ (cloud).
  1424 | D:2      | HP: 4/18 [poisoned by you (poison gas)]
  1428 | D:2      | HP: 1/18 [poisoned by you (poison gas)]
  1429 | D:2      | Succumbed to their own poison gas

Levels and vault maps discovered:
D:1:      mrwooster_arrival_statue_3, layout_loops_cross, serial_bayou_pond_d
D:2:      layout_basic, serial_shops, shop

Skill      XL: |  1  2  3 |
---------------+----------+-----
Dodging        | 3 4 |  4.1
Ranged Weapons | 5 |  5.0
Fighting       | |  1.5
Stealth        | |  1.5

Action                     || total
---------------------------++-------
   Fire: Shortbow          ||    91
    Use: Scroll            ||     6
         Potion            ||     3
 Armour: Robe              ||    18
  Dodge: Dodged            ||    51

Table legend:
 A = Non-vault XP
 B = Vault XP
 C = Vault XP percentage of total XP
 D = Non-vault monster count
 E = Vault monster count
 F = Vault count percentage of total count
                 A         B        C        D         E       F
            +---------+---------+-------+---------+---------+-------
      Total |      94 |       0 |   0.0 |      34 |       0 |   0.0
            +---------+---------+-------+---------+---------+-------
        D:1 |      29 |       0 |   0.0 |      16 |       0 |   0.0
        D:2 |      65 |       0 |   0.0 |      18 |       0 |   0.0
            +---------+---------+-------+---------+---------+-------
